 Dungeon Crawl Stone Soup version 0.27.1-35-g4d5d836560 (webtiles) character file.

Game seed: 87654401023869951

162 cbfl8 the Slasher (level 5, -1/47 HPs)
             Began as a Minotaur Monk on Apr 28, 2022.
             Slain by an orc (4 damage)
             ... on level 3 of the Dungeon.
             The game lasted 00:06:14 (3245 turns).

cbfl8 the Slasher (Minotaur Monk)                   Turns: 3245, Time: 00:06:15

Health: -1/47      AC:  2    Str: 17    XL:     5   Next: 19%
Magic:  4/4        EV: 12    Int: 13    God:
Gold:   102        SH:  3    Dex: 12    Spells: 4/4 levels left

rFire    . . .     SeeInvis .   a - +0 falchion
rCold    . . .     Faith    .   e - +0 buckler
rNeg     . . .     Spirit   .   b - +0 robe
rPois    .         Reflect  .   (helmet restricted)
rElec    .         Harm     .   (no cloak)
rCorr    .         Rampage  .   (no gloves)
Will     .....                  (no boots)
Stlth    ++........             (no amulet)
HPRegen  0.15/turn              c - +6 ring of intelligence
MPRegen  0.09/turn              (no ring)

@: no status effects
A: horns 2, retaliatory headbutt
a: no special abilities


You were on level 3 of the Dungeon.
You visited 1 branch of the dungeon, and saw 4 of its levels.

You collected 138 gold pieces.
You spent 36 gold pieces at shops.

Inventory:

Hand Weapons
 a - a +0 falchion (weapon)
Armour
 b - a +0 robe (worn)
 e - a +0 buckler (worn)
Jewellery
 c - a +6 ring of intelligence (left hand)
Scrolls
 d - a scroll of acquirement {unknown}
 f - 2 scrolls of magic mapping {unknown}
 g - 2 scrolls of amnesia {unknown}
 i - 2 scrolls of blinking {unknown}
 k - a scroll of fear {unknown}
 l - a scroll of brand weapon {unknown}
 m - a scroll of summoning {unknown}
 n - 2 scrolls of noise {unknown}
Potions
 j - a potion of haste {unknown}


   Skills:
 + Level 4.8 Fighting
 + Level 5.1 Long Blades
 + Level 4.4 Dodging
 + Level 2.0 Stealth


You had 4 spell levels left.
You didn't know any spells.
Your spell library contained the following spells:

 Spells                   Type           Power      Damage    Failure   Level
 Animate Skeleton         Necr           0%         N/A       45%         1
 Pain                     Necr           0%         1d4       45%         1
 Vampiric Draining        Necr           0%         2d6       83%         3


Dungeon Overview and Level Annotations

Branches:
Dungeon (4/15)
 Temple: D:4-7

Altars:
Dithmenos
Okawaru

Shops:
D:2 !


Innate Abilities, Weirdness & Mutations

You have a pair of horns on your head.
You reflexively headbutt those who attack you in melee.


Message History

Beogh smites you!
You closely miss the orc. You headbutt the orc.
The orc is severely wounded.
The orc priest calls upon Beogh to heal the orc.
The orc is healed somewhat.
You hit the orc.
The orc is severely wounded.
You hit the orc.
You kill the orc!
You closely miss the orc.
The orc is lightly wounded.
The orc hits you with a +0 club.
You barely miss the orc priest.
The orc priest invokes the aid of Beogh against you.
Beogh smites you!
* * * LOW HITPOINT WARNING * * *
The orc hits you with a +0 club.
* * * LOW HITPOINT WARNING * * *
You feel better.
The orc priest hits you with a +0 dagger.
* * * LOW HITPOINT WARNING * * *
You block the orc's attack.
You feel better. The orc priest barely misses you. You furiously retaliate!
You headbutt the orc priest! You block the orc's attack.
Okay, then.
You hit the orc priest.
The orc priest is almost dead.
The orc priest looks encouraged for a moment.
The orc hits you with a +0 club.
The orc priest hits you but does no damage.
You hit the orc priest but do no damage.
The orc priest is almost dead.
The orc hits you with a +0 club.
The orc priest calls down the wrath of Beogh upon you.
Beogh smites you!
* * * LOW HITPOINT WARNING * * *
You closely miss the orc priest.
The orc priest is almost dead.
The orc hits you with a +0 club.
You die...

.......## ##.##
#####.#.#####.#.##
#.###.....###.#
##.#.#####.#..#
##.#######.#.#
#.........#†# ####
######.#######
#.##...##
........#
#o#.....#
######..#
#@o.....# #..#
###.....# #..#
#...## #..# #.##
##..# .# #####...#
# ........#
###.....# #.#(#>#


You could see an orc priest and an orc.

Vanquished Creatures
  A centaur skeleton (D:4)
  An iguana (D:4)
  5 adders
  A worm (D:3)
  2 dart slugs (D:1)
  3 orcs
  3 bats
  2 endoplasms (D:2)
  2 giant cockroaches
  3 goblins
  4 hobgoblins
  6 jackals
  5 kobolds
  2 quokkas (D:2)
  5 ball pythons
  7 frilled lizards
  8 rats
60 creatures vanquished.

Vanquished Creatures (others)
  21 plants (D:3)
  A withered plant (D:2)
22 creatures vanquished.

Grand Total: 82 creatures vanquished

Notes
Turn   | Place    | Note
-------+----------+-------------------------------------------
     0 | D:1      | cbfl8 the Minotaur Monk began the quest for the Orb.
     0 | D:1      | Reached XP level 1. HP: 19/19 MP: 0/0
   316 | D:1      | Reached XP level 2. HP: 24/27 MP: 1/1
   648 | D:1      | Reached skill level 4 in Long Blades
  1099 | D:2      | Found an iron altar of Okawaru.
  1108 | D:2      | Reached XP level 3. HP: 33/33 MP: 2/2
  1340 | D:2      | Found Ehuodgh's Distillery.
  1347 | D:2      | Bought a potion of curing for 36 gold pieces
  1562 | D:2      | Found a faded altar of an unknown god.
  1804 | D:3      | Reached XP level 4. HP: 35/40 MP: 3/3
  1883 | D:3      | Found a shadowy altar of Dithmenos.
  2316 | D:4      | Noticed a phantom
  2363 | D:4      | Reached skill level 5 in Long Blades
  2363 | D:4      | Reached XP level 5. HP: 37/47 MP: 4/4
  3245 | D:3      | Slain by an orc

Illustrated notes

Levels and vault maps discovered:
D:1:      minmay_arrival_shattered_statue, layout_loops_ring,
          minmay_misc_feat_room
D:2:      layout_loops_ring, basic_altar, shapermc_ecumenical_altar_flowoftime,
          serial_shops, shop
D:3:      layout_loops_ring, mainiacjoe_overflow_cross_hatched
D:4:      layout_layer_cave, makhleb_heckhound_becter, grunt_ministairs_2,
          hex_large

Skill      XL: |  1  2  3  4 |
---------------+-------------+-----
Fighting       | 4 |  4.8
Long Blades    | 4 5 |  5.1
Dodging        | 4 |  4.4
Stealth        | 2 |  2.0

Action                   |  1- 3 |  4- 6 || total
-------------------------+-------+-------++-------
Melee: Falchion          |    69 |    60 ||   129
       Headbutt          |    19 |     8 ||    27
  Use: Potion            |       |     2 ||     2
 Stab: Sleeping          |     2 |     2 ||     4
Armor: Robe              |    14 |    12 ||    26
Dodge: Dodged            |    49 |    24 ||    73
Block: Buckler           |     5 |     6 ||    11
       Rpst.: Falchion   |    16 |     2 ||    18
